 Dungeon Crawl Stone Soup version 0.31-a0-986-g5e6e4ef867 (webtiles) character file.

Game seed: 1533003731333829077

4 wildpjah the Stinger (level 1, -2/18 HPs)
             Began as a Djinni Warper on Nov 18, 2023.
             Frozen to death by an endoplasm (7 damage)
             ... on level 1 of the Dungeon.
             The game lasted 00:01:12 (196 turns).

wildpjah the Stinger (Djinni Warper)                 Turns: 196, Time: 00:01:12

Health: -2/18      AC:  3    Str: 10    XL:     1   Next: 66%
Gold:   0          EV: 11    Int: 14    God:
                   SH:  0    Dex: 12

rFire   + + .        a - +0 mace
rCold   x . .        (no shield)
rNeg    . . .        b - +0 leather armour
rPois   ∞            (no helmet)
rElec   .            (no cloak)
rCorr   .            (no gloves)
SInv    .            (boots unavailable)
Will    .....        (no amulet)
Stlth   +            (no ring)
HPRegen 0.23/turn    (no ring)
MPRegen 0.00/turn

%: infuse magic (-3 HP)
@: flying
A: sickness immunity, fire resistance 2, cold vulnerability 1, float, innate
caster, HP casting, extra vitality 1
a: no special abilities


You were on level 1 of the Dungeon.
You visited 1 branch of the dungeon, and saw 1 of its levels.

Inventory:

Hand Weapons
 a - a +0 mace (weapon)
Missiles
 d - 7 darts of dispersal (quivered)
 e - 5 poisoned darts
Armour
 b - a +0 leather armour (worn)
Scrolls
 c - a scroll of blinking
Potions
 f - a potion of curing {unknown}


   Skills:
 + Level 2.1 Fighting
 + Level 1.6 Maces & Flails
 + Level 0.7 Throwing
 + Level 1.0 Armour
 + Level 2.3 Dodging
 + Level 2.8 Spellcasting
 + Level 2.8 Conjurations
 + Level 2.8 Hexes
 + Level 2.8 Summonings
 + Level 2.8 Necromancy
 + Level 2.8 Translocations
 + Level 2.8 Transmutations
 + Level 2.8 Fire Magic
 + Level 2.8 Ice Magic
 + Level 2.8 Air Magic
 + Level 2.8 Earth Magic
 + Level 2.8 Poison Magic


You knew the following spells:

 Your Spells              Type           Power      Damage    Failure   Level
a - Blink                 Tloc           18%        N/A       14%         2
b - Lesser Beckoning      Tloc           18%        N/A       14%         2
c - Teleport Other        Tloc           9%         N/A       28%         3
d - Manifold Assault      Tloc           9%         N/A       67%         4
e - Vhi's Electric Charg  Tloc/Air       18%        N/A       67%         4
Your spell library was empty.

Dungeon Overview and Level Annotations

Branches:
Dungeon (1/15)

Altars:


Innate Abilities, Weirdness & Mutations

You are immune to sickness and miasma.
You are immune to poison.
Your flesh is very heat resistant. (rF++)
You are vulnerable to cold. (rC-)
You float through the air rather than walking.
You learn spells naturally, not from books.
Your magical power is your life essence.
You have superior vitality. (+4 MHP)


Message History

You reach down and open the door.
There is an open door here.
A hobgoblin comes into view.
The hobgoblin shouts!
A frilled lizard comes into view.
You barely miss the hobgoblin. The hobgoblin hits you.
The frilled lizard hisses angrily.
You thump the hobgoblin!
You kill the hobgoblin!
You closely miss the frilled lizard.
The frilled lizard bites you but does no damage.
The frilled lizard barely misses you.
You hit the frilled lizard but do no damage.
The frilled lizard misses you.
You closely miss the frilled lizard. The frilled lizard closely misses you.
You barely miss the frilled lizard. The frilled lizard bites you.
The frilled lizard closely misses you.
You miss the frilled lizard.
The frilled lizard bites you but does no damage.
An endoplasm comes into view.
The endoplasm quivers.
You hit the frilled lizard but do no damage.
The frilled lizard bites you but does no damage.
You barely miss the frilled lizard. The frilled lizard barely misses you.
The endoplasm barely misses you. The frilled lizard misses you.
You hit the frilled lizard but do no damage.
The frilled lizard bites you. The endoplasm freezes you.
You are frozen.
You feel a terrible chill!
You hit the frilled lizard but do no damage.
The frilled lizard closely misses you. The endoplasm closely misses you.
You hit the frilled lizard.
The frilled lizard is heavily wounded.
The frilled lizard closely misses you. The endoplasm freezes you.
You are frozen.
You feel a terrible chill!
* * * LOW HITPOINT WARNING * * *
The endoplasm freezes you.
You are frozen!
You feel a terrible chill!
You die...

##......... #..........
##.#........ ..#........
.......... #.....$... #.
#.l....... #. #.@...$... #.
#†J......# #.#####........#
#..............########
###...#####.............#
###.....#################.#
..........................#
###.#################'######
#. #...#...#...#...#


You could see an endoplasm and a frilled lizard.

Vanquished Creatures
  A hobgoblin (D:1)
  2 quokkas (D:1)
3 creatures vanquished.

Notes
Turn   | Place    | Note
-------+----------+-------------------------------------------
     0 | D:1      | wildpjah the Djinni Warper began the quest for the Orb.
     0 | D:1      | wildpjah set off with the following spells memorised:
                  | Blink, Lesser Beckoning, Teleport Other, Manifold Assault,
                  | Vhi's Electric Charge.
     0 | D:1      | Reached XP level 1. HP: 18/18 MP: 0/0
   196 | D:1      | Frozen to death by an endoplasm

Illustrated notes

Levels and vault maps discovered:
D:1:      co_arrival_random_square_maze, layout_basic, chequers_mini_garden

Action                     || total
---------------------------++-------
  Melee: Mace              ||    22
 Armour: Leather armour    ||    12
  Dodge: Dodged            ||    16

Table legend: (Time is in decaauts)
 A = Elapsed time spent in this place.
 B = Non-inter-level travel time spent in this place.
 C = Inter-level travel time spent in this place.
 D = Time resting spent in this place.
 E = Time spent auto-exploring this place.
 F = Levels seen in this place.
 G = Mean time per level.
                   A        B        C        D        E       F      G
               +--------+--------+--------+--------+--------+-----+--------+
         Total |    202 |    202 |      0 |      0 |    157 |   1 |  202.0 |
       Dungeon |    202 |    202 |      0 |      0 |    157 |   1 |  202.0 |
               +--------+--------+--------+--------+--------+-----+--------+

Top non-repeatable levels by time:
     D:1: 202 daAuts
